 Dungeon Crawl Stone Soup version 0.29.1-12-g30fa7ad0bf (webtiles) character file.

Game seed: 2720380831513515767

963 ThatPearl the Ducker (level 8, -1/58 HPs)
             Began as a Djinni Fire Elementalist on Jan 4, 2023.
             Slain by a shadow imp (3 damage)
             ... on level 6 of the Dungeon on Jan 7, 2023.
             The game lasted 00:21:58 (5364 turns).

ThatPearl the Ducker (Djinni Fire Elementalist)     Turns: 5364, Time: 00:21:59

Health: -1/58      AC:  3    Str: 11    XL:     8   Next: 37%
Gold:   278        EV: 14    Int: 19    God:
                   SH:  0    Dex: 12

rFire   + . .      SeeInvis .   m - +10 sling of Dominance {vorpal, Str+4 Dex-2 Stlth+}
rCold   . . .      Faith    .   (no shield)
rNeg    . . .      Spirit   .   a - +0 robe
rPois   ∞          Reflect  .   (no helmet)
rElec   .          Harm     .   F - +0 cloak
rCorr   .          Rampage  .   (no gloves)
Will    .....                   (boots unavailable)
Stlth   +++.......              (no amulet)
HPRegen 0.19/turn               f - ring of ice
MPRegen 0.00/turn               (no ring)

@: flying
A: sickness immunity, fire resistance 2, cold vulnerability 1, float, innate
caster, HP casting, extra vitality 1
a: no special abilities


You were on level 6 of the Dungeon.
You visited 1 branch of the dungeon, and saw 6 of its levels.

You collected 278 gold pieces.

Inventory:

Hand Weapons
 i - a +0 rapier
 m - the +10 sling of Dominance (weapon) {vorpal, Str+4 Dex-2 Stlth+}
   (You found it on level 2 of the Dungeon)

   Any ammunition fired from it inflicts extra damage upon your enemies.
   Str:       It affects your strength (+4).
   Dex:       It affects your dexterity (-2).
   Stlth:     It makes you more stealthy.
 n - the +6 dagger of Higaox {vorpal, rElec rF+ rC+ Str-3}
   (You found it on level 2 of the Dungeon)

   It inflicts extra damage upon your enemies.
   Str:       It affects your strength (-3).
   rF:        It protects you from fire.
   rC:        It protects you from cold.
   rElec:     It insulates you from electricity.
Missiles
 y - 2 poisoned darts
Armour
 a - a +0 robe (worn)
 o - a +0 ring mail
 q - a +0 leather armour
 F - a +0 cloak (worn)
Jewellery
 f - a ring of ice (left hand)
 k - a ring of fire
 x - a ring of fire
 G - a ring of fire
 I - the ring of Zaomered {Fly rPois rC+ Will+ rCorr Slay-2}
   (You found it on level 4 of the Dungeon)

   [ring of willpower]

   Slay:      It affects your accuracy & damage with ranged weapons and melee
   (-2).
   rC:        It protects you from cold.
   rPois:     It protects you from poison.
   Fly:       It grants you flight.
   rCorr:     It protects you from acid and corrosion.
   Will:      It increases your willpower.
Scrolls
 c - a scroll of amnesia {unknown}
 e - 2 scrolls of immolation
 h - a scroll of torment {unknown}
 l - a scroll of noise {unknown}
 p - a scroll of vulnerability {unknown}
 r - a scroll of enchant armour {unknown}
 s - a scroll of blinking {unknown}
 t - 8 scrolls of identify {unknown}
 v - 2 scrolls of poison {unknown}
 B - 2 scrolls of butterflies {unknown}
 D - 3 scrolls of teleportation {unknown}
 E - a scroll of brand weapon {unknown}
 J - a scroll of fear {unknown}
Potions
 b - a potion of lignification {unknown}
 d - a potion of magic {unknown}
 g - 3 potions of curing {unknown}
 j - a potion of resistance {unknown}
 u - a potion of might {unknown}
 w - a potion of brilliance {unknown}
 z - 3 potions of attraction {unknown}
 A - 2 potions of heal wounds {unknown}
 C - 2 potions of haste {unknown}
 H - 2 potions of mutation {unknown}


   Skills:
 + Level 4.5 Fighting
 + Level 2.8 Ranged Weapons
 + Level 5.6 Dodging
 - Level 1.5 Stealth
 + Level 4.3 Spellcasting


You couldn't memorise any spells.
You knew the following spells:

 Your Spells              Type           Power      Damage    Failure   Level
a - Foxfire               Conj/Fire      80%        2x1d8     2%          1
b - Scorch                Fire           40%        2d7       3%          2
c - Conjure Flame         Conj/Fire      20%        6-21      7%          3
d - Inner Flame           Hex/Fire       20%        N/A       7%          3
e - Flame Wave            Conj/Fire      20%        2d7       22%         4
f - Summon Small Mammal   Summ           80%        N/A       2%          1
g - Ensorcelled Hibernat  Hex/Ice        62%        N/A       3%          2
h - Call Imp              Summ           20%        N/A       3%          2
Your spell library was empty.

Dungeon Overview and Level Annotations

Branches:
Dungeon (6/15)
 Temple: D:4-7

Altars:
Nemelex Xobeh
Okawaru
Ru
Wu Jian

Annotations:
D:3 1 runed translucent door, Taurus's ghost, amateur MiFi


Innate Abilities, Weirdness & Mutations

You are immune to sickness and miasma.
You are immune to poison.
Your flesh is very heat resistant. (rF++)
You are vulnerable to cold. (rC-)
You float through the air rather than walking.
You learn spells naturally, not from books.
Your magical power is your life essence.
You have superior vitality. (+4 MHP)


Message History

The gnoll hits you but does no damage.
Found 9 gold pieces.
Casting: Conjure Flame (dangerous; 7% risk of failure)
Confirm with . or Enter, or press ? or * to list all spells.
Aiming: Ensorcelled Hibernation (safe; 3% risk of failure)
Press: ? - help, Shift-Dir - straight line, f/p - scorpion
Aim: a scorpion (moderately wounded, chance to affect: 61%)
You feel a surge of power!
The gnoll looks drowsy...
The shadow imp hits you.
Fire: m) +10 sling of Dominance {vorpal, Str+4 Dex-2 Stlth+}
Press: ? - help, Q - select action, (/) - cycle Shift-Dir - straight line, f - gnoll, p - scorpion
Aim: a gnoll, wielding a +0 spear (inner flame, 72% to hit)
You shoot a sling bullet.
The sling bullet closely misses the gnoll.
The gnoll hits you from afar with a +0 halberd!
The gnoll hits you with a +0 club. The gnoll completely misses you.
The gnoll hits you but does no damage. The gnoll sergeant closely misses you.
The shadow imp hits you.
Your magical contamination has completely faded away.
Fire: m) +10 sling of Dominance {vorpal, Str+4 Dex-2 Stlth+}
Press: ? - help, Q - select action, (/) - cycle Shift-Dir - straight line, f/p - gnoll
Aim: a gnoll, wielding a +0 spear (inner flame, 72% to hit)
You shoot a sling bullet. The sling bullet hits the gnoll.
Flame seeps out of the gnoll.
Flame seeps out of the gnoll.
The gnoll is moderately wounded.
The gnoll barely misses you. x2; The gnoll closely misses you.
The gnoll is engulfed in blazing flames.
The gnoll explodes!
The fiery explosion engulfs the scorpion!!
You kill the scorpion!
The fiery explosion engulfs the gnoll!!
You kill the gnoll!
The fiery explosion engulfs the gnoll!!
You kill the gnoll!
The fiery explosion engulfs the gnoll!!
You kill the gnoll!
The gnoll sergeant hits you from afar with a +3 spear of distortion.
Space warps horribly around you!
* * * LOW HITPOINT WARNING * * *
The shadow imp hits you.
You die...

#P.P# #~.P# ######
####### P~.~#
...#.........###
.~.~# ........
...... .~.~##
#.###.###....###
.P.^~#
#.#..$g.#....$..
~...~#
#.#..Sg5#.......
.....## #....§§§@..#
......# #.#..§○.#..#
#####.###.#..§§§#..#
#.##..###.###..#
#...............
##########.....##
### ## .#


You could see a gnoll sergeant, a gnoll, an adder and a shadow imp.

Vanquished Creatures
  Sigmund (D:4)
  Eustachio (D:4)
  An ogre (D:5)
  An ice beast (D:5)
  A scorpion (D:6)
  An orc priest (D:4)
  5 hounds
  2 iguanas (D:4)
  2 orc wizards (D:3)
  7 adders
  4 gnolls (D:6)
  A dart slug (D:4)
  10 orcs
  4 endoplasms
  4 giant cockroaches
  2 hobgoblins
  12 jackals
  4 quokkas
  2 ball pythons
  7 bats
  3 frilled lizards
  8 goblins
  3 kobolds
  5 rats
91 creatures vanquished.

Vanquished Creatures (collateral kills)
  A bullfrog (D:3)
  A hobgoblin (D:2)
2 creatures vanquished.

Vanquished Creatures (others)
  32 foxfires
32 creatures vanquished.

Grand Total: 125 creatures vanquished

Notes
Turn   | Place    | Note
-------+----------+-------------------------------------------
     0 | D:1      | ThatPearl the Djinni Fire Elementalist began the quest for
                  | the Orb.
     0 | D:1      | ThatPearl set off with the following spells memorised:
                  | Foxfire, Scorch, Conjure Flame, Inner Flame, Flame Wave.
     0 | D:1      | Reached XP level 1. HP: 15/15 MP: 0/0
   433 | D:1      | Reached XP level 2. HP: 19/22 MP: 0/0
   964 | D:1      | Reached skill level 1 in Fighting
  1796 | D:2      | Reached XP level 3. HP: 18/27 MP: 0/0
  1796 | D:2      | Learned a level 1 spell: Summon Small Mammal
  1946 | D:2      | Reached skill level 3 in Dodging
  2205 | D:2      | Identified the +10 sling of Dominance {vorpal, Str+4 Dex-2
                  | Stlth+}
  2224 | D:2      | Identified the +6 dagger of Higaox {vorpal, rElec rF+ rC+
                  | Str-3}
  2304 | D:2      | Found a faded altar of an unknown god.
  2328 | D:2      | Reached XP level 4. HP: 33/33 MP: 0/0
  2551 | D:3      | Noticed a bullfrog
  2557 | D:3      | Killed a bullfrog
  2558 | D:3      | Reached XP level 5. HP: 31/39 MP: 0/0
  2558 | D:3      | Learned a level 2 spell: Ensorcelled Hibernation
  3070 | D:3      | Found a runed translucent door.
  3070 | D:3      | Noticed Taurus's ghost (amateur MiFi)
  3176 | D:3      | Reached skill level 4 in Dodging
  3177 | D:3      | Reached XP level 6. HP: 41/45 MP: 0/0
  3492 | D:4      | Reached skill level 1 in Ranged Weapons
  3613 | D:4      | Noticed Eustachio
  3626 | D:4      | Killed Eustachio
  3627 | D:4      | Reached XP level 7. HP: 23/50 MP: 0/0
  3627 | D:4      | Learned a level 2 spell: Call Imp
  3842 | D:4      | Noticed Sigmund
  3857 | D:4      | Killed Sigmund
  3862 | D:4      | Reached skill level 5 in Dodging
  3975 | D:4      | Found a sacrificial altar of Ru.
  4093 | D:4      | Found an iron altar of Okawaru.
  4093 | D:4      | Found an ornate altar of the Wu Jian Council.
  4279 | D:4      | Found a sparkling altar of Nemelex Xobeh.
  4300 | D:4      | Reached XP level 8. HP: 58/58 MP: 0/0
  4428 | D:4      | Identified the ring of Zaomered {Fly rPois rC+ Will+ rCorr
                  | Slay-2}
  4547 | D:5      | Entered Level 5 of the Dungeon
  5325 | D:6      | Identified the +7 whip of a ziggurat {drain, rCorr Int+4}
  5364 | D:6      | HP: 2/58 [gnoll sergeant/+3 spear of distortion (16)]
  5364 | D:6      | Slain by a shadow imp

Illustrated notes

Levels and vault maps discovered:
D:1:      saegor_arrival_fortress, layout_basic, roderic_serpentine_path,
          lemuel_flame_loot_1
D:2:      layout_rooms, hellmonk_ecumenical_altar_defaced_shrine,
          minmay_strange_pillars
D:3:      layout_basic, ebering_ghost_inner_flame, grunt_ministairs_11
D:4:      layout_loops_ring, lemuel_crystal_altar,
          amethyst_overflow_temple_binary, lemuel_coloured_pillars_altar,
          minmay_starry_boxes, uniq_sigmund, uniq_eustachio
D:5:      layout_gridville
D:6:      kennysheep_steamy, layout_basic, st_stairs_3, serial_park_tiny_2,
          hex_intersection, uniq_maggie

Skill      XL: |  1  2  3  4  5  6  7 |
---------------+----------------------+-----
Fighting       | 1 2 3 4 |  4.5
Dodging        | 3 4 5 |  5.6
Spellcasting   | 3 4 |  4.3
Ranged Weapons | 1 2 |  2.8
Stealth        | |  1.5

Action                   |  1- 3 |  4- 6 |  7- 9 || total
-------------------------+-------+-------+-------++-------
Melee: Rapier            |     5 |       |       ||     5
 Fire: Sling             |     9 |    63 |    82 ||   154
 Cast: Foxfire           |    22 |     2 |       ||    24
       Scorch            |    13 |     4 |     2 ||    19
       Summon Small Mamm |     2 |     2 |       ||     4
       Inner Flame       |       |     1 |     1 ||     2
       Call Imp          |       |       |     2 ||     2
       Conjure Flame     |       |       |     1 ||     1
       Ensorcelled Hiber |       |       |     1 ||     1
Armor: Robe              |    16 |     3 |     5 ||    24
Dodge: Dodged            |    20 |    12 |    27 ||    59
